 Dungeon Crawl Stone Soup version 0.17.0-24-gcfadda4 (webtiles) character file.

152 Sorcv the Vexing (level 5, -2/35 HPs)
             Began as a Mummy Enchanter on Nov 15, 2015.
             Slain by an ogre
             ... wielding a +0 giant club
              (12 damage)
             ... on level 3 of the Dungeon.
             The game lasted 00:05:41 (2527 turns).

Sorcv the Vexing (Mummy Enchanter)                  Turns: 2527, Time: 00:05:41

Health: -2/35      AC:  3    Str: 11    XL:     5   Next: 11%
Magic:  1/8        EV: 12    Int: 14    God:
Gold:   85         SH:  0    Dex: 14    Spells: 2 memorised, 5 levels left

rFire  x . .     SeeInvis .     a - +2 dagger
rCold  + . .     Clarity  .     b - +1 robe
rNeg   + + +     SustAt   .     (no shield)
rPois  ∞         Gourm    .     (no helmet)
rElec  .         Spirit   .     (no cloak)
rCorr  .         Warding  .     (no gloves)
rMut   .         Rnd*Tele +     (no boots)
MR     .....                    (no amulet)
Stlth  +++.......               (no ring)
                                g - ring of teleportation

@: very slightly contaminated, not resistant to hostile enchantments, fairly
stealthy
A: no food or potions, fire vulnerability, cold resistance 1, negative energy
resistance 3, torment resistance, unbreathing
a: Evoke Teleportation


You were on level 3 of the Dungeon.
You were not hungry.

You visited 1 branch of the dungeon, and saw 3 of its levels.

You collected 85 gold pieces.

Inventory:

Hand Weapons
 a - a +2 dagger (weapon)
Armour
 b - a +1 robe (worn)
Jewellery
 g - a ring of teleportation (left hand)
Scrolls
 d - a scroll of fog {unknown}
 e - a scroll of enchant weapon
 f - a scroll of identify {unknown}
 h - 3 scrolls of remove curse
 i - a scroll of fear {unknown}
 j - a scroll of noise {unknown}
Books
 c - a book of Maledictions

   Spells                             Type                      Level
   a - Corona                         Hexes                        1
   b - Ensorcelled Hibernation        Hexes/Ice                    2
   c - Confuse                        Hexes                        3
   d - Tukima's Dance                 Hexes                        3
   e - Dazzling Spray                 Conjuration/Hexes            3


   Skills:
 + Level 0.2 Fighting
 + Level 0.8 Short Blades
 - Level 1.5 Dodging
 + Level 4.0 Stealth
 - Level 2.0 Spellcasting
 - Level 4.1 Hexes


You had 5 spell levels left.
You knew the following spells:

 Your Spells              Type           Power        Failure   Level  Hunger
a - Corona                Hex            ##.....      4%          1    N/A
b - Ensorcelled Hibernat  Hex/Ice        #.....       17%         2    N/A

Dungeon Overview and Level Annotations

Branches:
Dungeon (3/15)

Altars:
Ru


Innate Abilities, Weirdness & Mutations

You do not eat or drink.
Your flesh is vulnerable to fire.
You are immune to poison.
Your flesh is cold resistant.
You are immune to negative energy.
You are immune to unholy pain and torment.
You can survive without breathing.


Message History

Confirm with . or Enter, or press ? or * to list all spells.
Aiming: Ensorcelled Hibernation
Press: ? - help, Shift-Dir - straight line, f/p - ogre
Aim: an ogre, wielding a giant club (severely wounded, chance to defeat MR: 38%)
You miscast Ensorcelled Hibernation.
Your skin glows momentarily.
The ogre misses you.
Read which item? (? for menu, Esc to quit)
As you read the scroll labeled SUGAELI PASIJA, it crumbles to dust.
It is a scroll of enchant weapon.
Enchant which weapon? (? for menu, Esc to quit)
Your +1 dagger glows red for a moment.
The ogre closely misses you.
You hit the ogre.
The ogre is severely wounded.
The ogre barely misses you.
You hit the ogre.
The ogre is almost dead.
You hit the ogre.
The ogre is almost dead.
The ogre hits you with a giant club!
You die...

#<# #.# #.#
#.# #.# #.#
#.#
#.#####.#.##
#..@O)......
######......
..... ....
... .. .


You could see an ogre.

Vanquished Creatures
  A sky beast (D:2)
  3 adders (D:2)
  2 ball pythons
  A giant cockroach (D:1)
  7 hobgoblins
  3 bats
  2 giant geckos
  A giant newt (D:1)
  6 goblins
  5 kobolds (D:2)
  3 rats
34 creatures vanquished.

Notes
Turn   | Place    | Note
--------------------------------------------------------------
     0 | D:1      | Sorcv the Mummy Enchanter began the quest for the Orb.
     0 | D:1      | Reached XP level 1. HP: 13/13 MP: 3/3
   666 | D:1      | Reached skill level 3 in Hexes
   734 | D:1      | Reached XP level 2. HP: 1/19 MP: 5/5
  1172 | D:2      | Learned a level 2 spell: Ensorcelled Hibernation
  1362 | D:2      | Found a faded altar to an unknown god.
  1429 | D:2      | Reached XP level 3. HP: 13/24 MP: 3/6
  1745 | D:2      | Noticed a sky beast
  1928 | D:2      | Killed a sky beast
  1928 | D:2      | Reached skill level 4 in Hexes
  1928 | D:2      | Reached XP level 4. HP: 5/30 MP: 2/7
  1928 | D:2      | Reached XP level 5. HP: 5/35 MP: 2/8
  2209 | D:2      | Found a sacrificial altar of Ru.
  2504 | D:3      | Noticed an ogre
  2527 | D:3      | Slain by an ogre

Action                   |  1- 3 |  4- 6 || total
-------------------------+-------+-------++-------
Melee: Dagger            |   126 |    19 ||   145
 Cast: Corona            |     4 |       ||     4
       Ensorcelled Hiber |     8 |     2 ||    10
  Use: Scroll            |     1 |     1 ||     2
 Stab: Sleeping          |    11 |     2 ||    13
